Map: Cosmic Sapphire

Players

soO - Winner!

  • Race: Zerg Zerg
  • Spawn Location: 5:00

Gerald

  • Race: Protoss Protoss
  • Spawn Location: 11:00

Event: DreamHack SC2 Masters 2022 Atlanta (Offline)

VOD

Have the link to the VOD?

Description

Time

  • Played on: Nov. 18, 2022, 7:47 p.m.
  • Length: 12:15

All games in this series

Show
View Real Time Build Order
Export as new Build Order

soO Zerg - Winner!

Build Orders: Hatch First 

Get SALT Encoding   

  12  0:00  Drone  
  13  0:12  Overlord  
  13  0:16  Drone  
  14  0:30  Drone x2  
  16  0:45  Drone  
  17  0:55  Drone  
  18  0:59  Drone, Hatchery  
  18  1:06  Extractor  
  18  1:08  Drone  
  18  1:18  Spawning Pool  
  17  1:20  Drone  
  18  1:27  Drone  
  19  1:39  Drone  
  20  1:48  Overlord  
  20  2:04  Queen  
  22  2:10  Queen  
  22  2:11  Zergling x6  
  22  2:12  Metabolic Boost  
  27  2:23  Drone  
  28  2:31  Drone  
  29  2:42  Hatchery  
  29  2:43  Drone x2  
  30  2:48  Queen  
  32  2:51  Zergling x2  
  32  2:52  Zergling x2  
  34  3:05  Spore Crawler  
  33  3:06  Zergling x2  
  33  3:07  Zergling x2  
  33  3:08  Spore Crawler  
  33  3:12  Drone x2  
  38  3:13  Overlord  
  37  3:22  Overlord  
  37  3:24  Overlord  
  37  3:33  Drone x5  
  41  3:42  Drone x2  
  41  3:47  Drone x3  
  46  3:53  Drone, Overlord  
  47  3:55  Drone  
  47  3:59  Queen  
  47  4:01  Drone x2  
  50  4:09  Drone, Roach Warren  
  50  4:10  Drone x2  
  50  4:12  Drone  
  50  4:14  Drone  
  53  4:19  Drone x2  
  53  4:21  Drone  
  56  4:26  Drone x2  
  56  4:27  Drone  
  56  4:30  Extractor  
  58  4:31  Drone  
  58  4:32  Drone x2  
  58  4:36  Lair  
  61  4:38  Zergling x8  
  61  4:42  Overlord  
  65  4:46  Overlord  
  65  4:49  Spore Crawler  
  65  4:50  Drone  
  65  4:53  Spore Crawler  
  65  4:56  Roach x4  
  72  5:03  Drone x3  
  72  5:06  Extractor  
  74  5:08  Roach x2  
  74  5:09  Drone x4  
  82  5:20  Drone x3  
  84  5:25  Drone x2, Extractor  
  84  5:26  Spore Crawler, Drone  
  85  5:31  Overlord  
  85  5:34  Glial Reconstitution  
  85  5:35  Overseer  
  85  5:37  Drone x3  
  85  5:38  Drone  
  85  5:40  Overlord x2  
  85  5:41  Overlord  
  89  5:47  Overlord, Evolution Chamber  
  89  5:48  Drone x2  
  89  5:51  Extractor  
  89  5:53  Overlord  
  89  5:56  Roach x3  
  94  6:00  Overlord  
  94  6:01  Overseer  
  94  6:04  Roach x3  
  94  6:07  Overlord  
  94  6:09  Overlord  
  99  6:11  Roach x4  
  99  6:14  Drone x2  
  99  6:15  Drone  
  109  6:19  Zerg Missile Weapons Level 1  
  109  6:25  Roach x3  
  113  6:32  Roach x5  
  123  6:38  Hatchery  
  123  6:39  Ravager  
  123  6:42  Roach  
  123  6:43  Zergling x4, Roach x2  
  131  6:51  Ravager  
  131  6:52  Zergling x4, Roach  
  136  6:59  Zergling x2, Roach x2  
  136  7:00  Zergling x4  
  143  7:06  Zergling x6  
  143  7:07  Zergling x2  
  147  7:08  Drone  
  147  7:10  Baneling Nest  
  147  7:12  Zergling x4  
  147  7:13  Zergling x2  
  148  7:18  Zergling x4  
  143  7:29  Drone x2  
  147  7:30  Drone x4  
  147  7:34  Hatchery  
  147  7:35  Drone x5  
  151  7:44  Drone, Overlord  
  152  7:48  Overlord  
  152  7:50  Zergling x2, Roach  
  152  7:51  Zergling x2, Roach  
  158  7:54  Centrifugal Hooks, Overlord  
  158  7:59  Spore Crawler  
  158  8:01  Zergling x4  
  159  8:12  Ravager x3  
  156  8:13  Zergling x18  
  156  8:17  Zerg Melee Weapons Level 1  
  156  8:18  Baneling x12  
  156  8:19  Zergling x4  
  165  8:25  Zergling x6  
  144  8:33  Overlord  
  145  8:34  Drone x4  
  145  8:39  Zergling x16  
  155  8:41  Infestation Pit  
  155  8:44  Baneling x3  
  155  8:48  Zergling x6  
  155  8:57  Zergling x16  
  155  9:02  Hatchery  
  158  9:04  Zergling x16  
  163  9:11  Zergling x2  
  164  9:18  Zergling x14  
  164  9:20  Hive  
  164  9:23  Evolution Chamber  
  170  9:24  Pneumatized Carapace  
  171  9:32  Hatchery  
  171  9:33  Zergling x28  
  184  9:39  Queen  
  182  9:55  Baneling x20  
  182  9:57  Baneling x16  
  182  9:58  Zergling x16  
  143  10:23  Zergling x8  
  143  10:24  Zergling x30  
  161  10:32  Zergling x6  
  162  10:38  Viper, Adrenal Glands  
  162  10:40  Zergling x6  
  166  10:43  Drone x2, Extractor  
  166  10:44  Extractor  
  166  10:49  Zergling x10  
  165  10:52  Zergling x8  
  165  10:56  Queen  
  171  10:59  Drone x4  
  171  11:00  Queen  
  171  11:01  Viper  
  179  11:05  Zergling x2  
  179  11:06  Zergling x4  
  179  11:16  Zergling x22  
  174  11:30  Zergling x2  
  174  11:31  Zergling x20  
  157  11:35  Zergling x6  
  157  11:38  Zergling x2  
  145  11:43  Zergling x2  
  145  11:44  Zergling x12  
  149  11:48  Baneling x18  
  149  11:49  Zergling x2, Baneling x2  
  149  11:50  Zergling x4  
  149  11:52  Zergling x2  
  149  11:53  Zergling x8  
  154  11:55  Baneling x12  
Show
View Real Time Build Order
Export as new Build Order

Gerald Protoss 

Build Orders: 1 Gate Expand, Zealot Archon, Dark Templar Rush 

Get SALT Encoding   

  12  0:00  Probe  
  13  0:12  Probe  
  14  0:20  Pylon  
  14  0:25  Probe  
  15  0:38  Probe (Chrono Boost)  
  15  0:41  Gateway  
  16  0:48  Probe (Chrono Boost)  
  16  0:49  Assimilator  
  17  0:53  Probe (Chrono Boost)  
  18  1:04  Probe  
  19  1:16  Probe  
  20  1:25  Nexus  
  20  1:32  Probe  
  21  1:39  Cybernetics Core  
  21  1:44  Probe  
  21  1:46  Assimilator  
  22  1:52  Pylon  
  22  1:56  Probe  
  23  2:10  Probe  
  23  2:13  Adept (Chrono Boost)  
  24  2:18  Twilight Council  
  27  2:22  Probe  
  27  2:25  Warp Gate (Chrono Boost)  
  27  2:33  Adept (Chrono Boost)  
  27  2:35  Probe  
  30  2:38  Probe  
  31  2:47  Probe  
  31  2:50  Probe  
  33  2:56  Stalker  
  35  2:59  Probe  
  35  3:01  Robotics Facility  
  35  3:02  Probe  
  37  3:11  Probe  
  38  3:14  Probe  
  37  3:23  Probe  
  37  3:27  Probe  
  38  3:35  Probe  
  38  3:38  Shield Battery  
  38  3:39  Probe  
  39  3:47  Probe  
  40  3:48  Gateway  
  40  3:50  Shield Battery  
  40  3:51  Probe, Pylon  
  41  3:57  Dark Shrine  
  41  3:59  Probe, Pylon  
  42  4:03  Probe  
  43  4:11  Gateway, Probe (Chrono Boost)  
  45  4:18  Probe (Chrono Boost)  
  45  4:22  Assimilator  
  45  4:23  Probe (Chrono Boost)  
  46  4:24  Assimilator  
  46  4:26  Robotics Bay  
  46  4:28  Warp Prism (Chrono Boost)  
  46  4:29  Gateway  
  48  4:31  Probe x2 (Chrono Boost)  
  48  4:38  Probe  
  50  4:39  Probe  
  52  4:45  Pylon  
  52  4:50  Probe  
  52  4:51  Gateway, Probe  
  54  5:00  Forge  
  54  5:03  Probe x2  
  56  5:11  Pylon  
  56  5:15  Probe x2, Pylon  
  58  5:22  Disruptor (Chrono Boost)  
  61  5:29  Pylon  
  61  5:39  Gravitic Drive  
  61  5:40  Probe  
  61  5:41  Pylon  
  62  5:43  Gateway x2  
  62  5:44  Nexus  
  62  5:45  Pylon  
  62  5:49  Probe  
  63  5:54  Dark Templar x3  
  66  5:57  Dark Templar  
  66  5:58  Probe  
  66  6:02  Probe  
  70  6:06  Disruptor (Chrono Boost)  
  70  6:10  Probe  
  74  6:12  Nexus  
  74  6:14  Shield Battery, Probe  
  75  6:21  Blink  
  75  6:22  Probe  
  75  6:25  Archon  
  75  6:27  Probe  
  76  6:33  Disruptor (Chrono Boost)  
  76  6:34  Probe  
  76  6:36  Archon  
  76  6:39  Probe  
  81  6:44  Stalker  
  81  6:45  Gateway  
  81  6:46  Gateway  
  83  6:53  Stalker  
  85  6:57  Pylon  
  85  7:00  Protoss Ground Weapons Level 1  
  78  7:18  Stalker x3  
  78  7:19  Stalker  
  74  7:30  Stalker x2  
  74  7:34  Pylon  
  74  7:35  Pylon  
  76  7:43  Gateway x2  
  76  7:44  Pylon  
  76  7:48  Nexus  
  76  7:51  Disruptor (Chrono Boost)  
  76  7:53  Pylon  
  76  7:56  Stalker  
  79  8:15  Stalker  
  79  8:16  Stalker x3  
  79  8:18  Probe x2  
  89  8:24  Disruptor (Chrono Boost)  
  89  8:30  Stalker  
  89  8:31  Stalker  
  96  8:37  Probe  
  96  8:39  Shield Battery  
  97  8:41  Pylon  
  97  8:53  Dark Templar x3  
  99  9:14  Stalker x4  
  99  9:16  Probe  
  108  9:21  Stalker  
  108  9:23  Probe  
  111  9:31  Disruptor (Chrono Boost)  
  111  9:33  Probe x2  
  111  9:35  Probe  
  117  9:46  Dark Templar x2  
  117  9:48  Assimilator  
  121  9:54  Archon  
  121  10:00  Pylon  
  90  10:22  Stalker  
  90  10:23  Stalker x5  
  90  10:24  Probe x2  
  90  10:25  Probe  
  99  10:37  Probe (Chrono Boost)  
  99  10:38  Probe (Chrono Boost), Stalker x3  
  99  10:39  Probe (Chrono Boost)  
  106  10:49  Probe (Chrono Boost)  
  109  10:51  Probe x2 (Chrono Boost)  
  110  10:57  Disruptor, Probe (Chrono Boost)  
  110  10:58  Probe (Chrono Boost)  
  114  11:10  Zealot  
  86  11:31  Zealot x6  
  86  11:32  Zealot  
Tags
 
Add a new tag
Caveats
  • Supply blocks, unpowered buildings, or Contaminate may cause inaccurate times.
  • Supply counts are checked every 10 seconds.